 Dungeon Crawl Stone Soup version 0.31-a0-198-g2ad674f65e (webtiles) character file.

Game seed: 1747721078909507797

218 qw the Skirmisher (level 5, -1/29 HPs)
             Began as a Deep Elf Hunter on June 25, 2023.
             Slain by an orc
             ... wielding a +0 dagger
              (4 damage)
             ... on level 4 of the Dungeon.
             The game lasted 00:00:52 (2186 turns).

qw the Skirmisher (Deep Elf Hunter)                 Turns: 2186, Time: 00:00:53

Health: -1/29      AC:  9    Str: 10    XL:     5   Next: 63%
Magic:  7/7        EV:  9    Int: 14    God:
Gold:   119        SH:  0    Dex: 18    Spells: 4/4 levels left

rFire   . . .        Y - +0 shortbow (flame)
rCold   . . .        (shield currently unavailable)
rNeg    . . .        o - +0 scale mail
rPois   .            j - +0 helmet
rElec   .            (no cloak)
rCorr   .            d - +0 pair of gloves
SInv    .            k - +0 pair of boots
Will    .....        g - amulet of regeneration
Stlth   +            (no ring)
HPRegen 1.04/turn    (no ring)
MPRegen 0.10/turn

%: no passive effects
@: no status effects
A: no striking features
a: no special abilities


You were on level 4 of the Dungeon.
You visited 1 branch of the dungeon, and saw 4 of its levels.

You collected 119 gold pieces.


   Skills:
 - Level 1.5 Fighting
 + Level 8.9 Ranged Weapons
 - Level 1.0 Armour
 - Level 2.4 Dodging
 - Level 1.2 Stealth


You had 4 spell levels left.
You didn't know any spells.
Your spell library was empty.

Inventory:

Hand Weapons
 Y - a +0 shortbow of flaming (weapon)
Armour
 d - a +0 pair of gloves (worn)
 j - a +0 helmet (worn)
 k - a +0 pair of boots (worn)
 o - a +0 scale mail (worn)
Jewellery
 g - an amulet of regeneration (around neck)
Scrolls
 a - 2 scrolls of identify
 b - a scroll of poison {unknown}
Potions
 c - a potion of attraction {unknown}
 e - a potion of haste
 i - 2 potions of curing
 l - a potion of heal wounds
 m - a potion of might {unknown}

Dungeon Overview and Level Annotations

Branches:
Dungeon (4/15)
 Temple: D:4-7

Altars:
Hepliaklqana

Shops:
D:1 =   D:2 ::*


Message History

The orc wizard points at you and mumbles some strange words.
The magic dart hits you.
An orc comes into view.
It is wielding a +1 flail of protection.
2174 ||| FLEEEEING.
2175 ||| FLEEEEING.
You shoot an arrow.
The arrow closely misses the orc wizard.
The orc wizard casts a spell at you. The puff of flame hits you!
You shoot an arrow. The arrow hits the orc wizard!
The arrow burns the orc wizard.
The orc wizard is severely wounded.
An ogre comes into view. It is wielding a +0 giant club.
You shoot an arrow. The ogre shouts!
The arrow hits the orc wizard.
The arrow burns the orc wizard.
You kill the orc wizard!
Your Armour skill increases to level 1!
2179 ||| FLEEEEING.
2180 ||| FLEEEEING.
2181 ||| FLEEEEING.
You shoot an arrow. The arrow hits the ogre.
The arrow burns the ogre.
The ogre is lightly wounded.
You shoot an arrow.
The arrow hits the ogre but does no damage.
The ogre is lightly wounded.
The ogre closely misses you.
You shoot an arrow. The arrow hits the ogre!
The arrow burns the ogre.
The ogre is heavily wounded.
The orc misses you. The orc completely misses you. The ogre barely misses you.
You shoot an arrow. The arrow barely misses the ogre.
The orc barely misses you. The orc hits you but does no damage.
You shoot an arrow. The arrow barely misses the ogre.
The ogre hits you with a +0 giant club!
Ouch! That really hurt!
The orc hits you with a +1 flail of protection!
The orc hits you but does no damage.
The orc hits you with a +1 flail of protection.
The orc hits you with a +0 dagger.
You die...

### ##### ####.#########
....# ###....@o......##
..### ##...#..oO.......#
...######..###...........#
###...#...## #........##.#
###...### #........)###
##..# #.......%..# ##.#
##......#...# #..#
######.#.... ##.# #.......


You could see an ogre and 2 orcs.

Vanquished Creatures
  Jessica (D:3)
  An orc wizard (D:4)
  11 adders
  2 worms (D:3)
  2 dart slugs
  An orc (D:3)
  A ball python (D:3)
  6 endoplasms
  2 giant cockroaches
  8 goblins
  7 hobgoblins
  5 quokkas
  5 bats
  3 frilled lizards
  A kobold (D:1)
  4 rats
60 creatures vanquished.

Notes
Turn   | Place    | Note
-------+----------+-------------------------------------------
     0 | D:1      | qw the Deep Elf Hunter began the quest for the Orb.
     0 | D:1      | Reached XP level 1. HP: 12/12 MP: 3/3
     0 | D:1      | 0 ||| qw: Version: 0.3-a-22-g0ed2b0b
     0 | D:1      | 0 ||| qw: Game counter: 5010
     0 | D:1      | 0 ||| qw: Melee chars always use a shield: true
     0 | D:1      | 0 ||| qw: God list: Okawaru
     0 | D:1      | 0 ||| qw: Allow faded altars: false
     0 | D:1      | 0 ||| qw: Do Orc after clearing Dungeon:15 true
     0 | D:1      | 0 ||| qw: Do second Lair branch before Depths: true
     0 | D:1      | 0 ||| qw: Lair rune preference: random
     0 | D:1      | 0 ||| qw: Goals: Normal
     0 | D:1      | 0 ||| PLANNING D:1-11
   118 | D:1      | Reached skill level 6 in Ranged Weapons
   118 | D:1      | Reached XP level 2. HP: 16/16 MP: 4/4
   428 | D:1      | Found Miboom Weirch's Jewellery Shoppe.
   433 | D:1      | 433 ||| SHOPLISTING ring of Tuset {rCorr AC+4} (534 gold,
                  | have 0).
   433 | D:1      | 433 ||| SHOPLISTING ring of fire (275 gold, have 0).
   433 | D:1      | 433 ||| SHOPLISTING ring of protection from cold (275 gold,
                  | have 0).
   433 | D:1      | 433 ||| SHOPLISTING ring of resist corrosion (220 gold,
                  | have 0).
   433 | D:1      | 433 ||| SHOPLISTING ring of see invisible (165 gold, have
                  | 0).
   433 | D:1      | 433 ||| SHOPLISTING ring of willpower (275 gold, have 0).
   543 | D:1      | 543 ||| UPGRADING to +0 pair of gloves.
   548 | D:1      | 548 ||| UPGRADING to amulet of regeneration.
   553 | D:1      | 553 ||| READING 2 scrolls labelled BEWKUN LELOHOI.
   554 | D:1      | 554 ||| READING scroll labelled JEXZIA NOEPH.
   555 | D:1      | 555 ||| READING scroll labelled BOHOCO VIPHOE.
   558 | D:1      | 558 ||| READING scroll labelled QUONO GYUNUMOYL.
   559 | D:1      | 559 ||| DROPPING scroll of butterflies.
   569 | D:2      | Found Gaqi's Assorted Antiques.
   572 | D:2      | 572 ||| SHOPLISTING metallic dark potion (25 gold, have 0).
   572 | D:2      | 572 ||| SHOPLISTING scroll labelled OHOOFA FINNI (28 gold,
                  | have 0).
   572 | D:2      | 572 ||| SHOPLISTING scroll labelled QIMPIP KA UDU (28 gold,
                  | have 0).
   572 | D:2      | 572 ||| SHOPLISTING silver ring (140 gold, have 0).
   572 | D:2      | 572 ||| SHOPLISTING smoky blue potion (25 gold, have 0).
   596 | D:2      | Reached XP level 3. HP: 20/20 MP: 5/5
   662 | D:2      | Reached skill level 7 in Ranged Weapons
   693 | D:2      | Found Anump's Book Emporium.
   833 | D:2      | Found Riemeror's Book Emporium.
   838 | D:2      | Reached XP level 4. HP: 25/25 MP: 6/6
  1025 | D:2      | Found a hazy altar of Hepliaklqana.
  1098 | D:2      | Found a faded altar of an unknown god.
  1287 | D:2      | 1287 ||| UPGRADING to +0 helmet.
  1292 | D:2      | 1292 ||| UPGRADING to +0 pair of boots.
  1297 | D:2      | 1297 ||| READING scroll labelled ETI JIADUAGOR.
  1298 | D:2      | 1298 ||| DRINKING 2 yellow potions.
  1299 | D:2      | 1299 ||| DRINKING 2 emerald potions.
  1403 | D:3      | Noticed Jessica
  1411 | D:3      | Killed Jessica
  1412 | D:3      | Reached skill level 8 in Ranged Weapons
  1463 | D:3      | Reached XP level 5. HP: 29/29 MP: 7/7
  1812 | D:3      | 1812 ||| FLEEEEING.
  2012 | D:3      | 2012 ||| UPGRADING to +0 scale mail.
  2022 | D:3      | 2022 ||| DROPPING +0 leather armour.
  2023 | D:3      | 2023 ||| READING scroll labelled AKEDUL CAFOEVU.
  2024 | D:3      | 2024 ||| READING 4 scrolls of identify.
  2024 | D:3      | 2024 ||| IDENTIFYING smoky orange potion
  2025 | D:3      | 2025 ||| READING 3 scrolls of identify.
  2025 | D:3      | 2025 ||| IDENTIFYING fizzy amethyst potion
  2026 | D:3      | 2026 ||| READING 2 scrolls of identify.
  2026 | D:3      | 2026 ||| IDENTIFYING fizzy green potion
  2027 | D:3      | 2027 ||| DROPPING potion of brilliance.
  2028 | D:3      | 2028 ||| DROPPING potion of lignification.
  2029 | D:3      | 2029 ||| DROPPING potion of berserk rage.
  2174 | D:4      | 2174 ||| FLEEEEING.
  2175 | D:4      | 2175 ||| FLEEEEING.
  2177 | D:4      | Noticed an ogre
  2179 | D:4      | Reached skill level 1 in Armour
  2179 | D:4      | 2179 ||| FLEEEEING.
  2180 | D:4      | 2180 ||| FLEEEEING.
  2181 | D:4      | 2181 ||| FLEEEEING.
  2186 | D:4      | HP: 6/29 [orc/+1 flail of protection (7)]
  2186 | D:4      | Slain by an orc

Levels and vault maps discovered:
D:1:      minmay_arrival_solitary_statue, layout_basic, serial_shops, shop
D:2:      layout_loops_ring, shapermc_ecumenical_altar_mp_vishouse,
          serial_shops, shop, nicolae_lakefront_shop, shop, basic_altar
D:3:      layout_basic, minmay_fractal_squares_5, uniq_jessica
D:4:      kennysheep_goblin_castle, layout_cave_pods, minmay_crossroads

Skill      XL: |  1  2  3  4  5 |
---------------+----------------+-----
Ranged Weapons | 6 7 8 |  8.9
Armour         | 1 |  1.0
Fighting       | |  1.5
Dodging        | |  2.4
Stealth        | |  1.2

Action                     |  1- 3 |  4- 6 || total
---------------------------+-------+-------++-------
   Fire: Shortbow          |    73 |   109 ||   182
    Use: Scroll            |     4 |     5 ||     9
         Potion            |       |     2 ||     2
 Armour: Leather armour    |     8 |    11 ||    19
         Scale mail        |       |     4 ||     4
  Dodge: Dodged            |    17 |    25 ||    42

Table legend:
 A = Non-vault XP
 B = Vault XP
 C = Vault XP percentage of total XP
 D = Non-vault monster count
 E = Vault monster count
 F = Vault count percentage of total count
                 A         B        C        D         E       F
            +---------+---------+-------+---------+---------+-------
      Total |     249 |      63 |  20.2 |      52 |       8 |  13.3
            +---------+---------+-------+---------+---------+-------
        D:1 |      24 |       0 |   0.0 |      15 |       0 |   0.0
        D:2 |      82 |       0 |   0.0 |      13 |       0 |   0.0
        D:3 |     104 |      61 |  37.0 |      21 |       7 |  25.0
        D:4 |      39 |       2 |   4.9 |       3 |       1 |  25.0
            +---------+---------+-------+---------+---------+-------
